 Dungeon Crawl Stone Soup version 0.29.1-2-gbd0b4ee654 (webtiles) character file.

Game seed: 5789095155975376324

438 safid the Shooter (level 6, -5/58 HPs)
             Began as a Minotaur Hunter on Nov 3, 2022.
             Shot with a sling bullet by Joseph (19 damage)
             ... on level 7 of the Dungeon.
             The game lasted 00:05:49 (3558 turns).

safid the Shooter (Minotaur Hunter)                 Turns: 3558, Time: 00:05:49

Health: -5/58      AC:  6    Str: 16    XL:     6   Next: 69%
Magic:  5/5        EV: 12    Int:  6    God:
Gold:   146        SH:  0    Dex: 15    Spells: 5/5 levels left

rFire   . . .      SeeInvis .   a - +0 shortbow
rCold   . . .      Faith    .   (shield currently unavailable)
rNeg    . . .      Spirit   .   i - +0 troll leather armour {Pargi}
rPois   .          Reflect  .   o - +1 hat
rElec   .          Harm     .   (no cloak)
rCorr   .          Rampage  .   l - +0 pair of gloves
Will    .....                   (no boots)
Stlth   +.........              (no amulet)
HPRegen 0.99/turn               (no ring)
MPRegen 0.09/turn               (no ring)

@: no status effects
A: horns 2, retaliatory headbutt
a: no special abilities


You were on level 7 of the Dungeon.
You visited 1 branch of the dungeon, and saw 5 of its levels.

You collected 146 gold pieces.

Inventory:

Hand Weapons
 a - a +0 shortbow (weapon)
Missiles
 h - 3 javelins
Armour
 i - a +0 troll leather armour (worn) {Pargi}
 l - a +0 pair of gloves (worn)
 o - a +1 hat (worn)
Wands
 n - a wand of flame (17)
Scrolls
 c - 4 scrolls of identify {unknown}
 g - a scroll of poison {unknown}
 j - 2 scrolls of enchant weapon {unknown}
 p - a scroll of fear {unknown}
Potions
 b - 2 potions of curing
 d - a potion of flight
 f - 2 potions of attraction
 k - a potion of degeneration {unknown}
 m - a potion of ambrosia {unknown}


   Skills:
 + Level 6.3 Fighting
 + Level 7.0 Ranged Weapons
 - Level 2.1 Dodging
 - Level 0.7 Stealth


You had 5 spell levels left.
You didn't know any spells.
Your spell library contained the following spells:

 Spells                   Type           Power      Damage    Failure   Level
 Apportation              Tloc           0%         N/A       52%         1
 Foxfire                  Conj/Fire      0%         2x1d4     52%         1
 Necrotise                Necr           0%         1d4       52%         1
 Summon Small Mammal      Summ           0%         N/A       52%         1
 Ensorcelled Hibernation  Hex/Ice        0%         N/A       67%         2
 Passwall                 Tmut/Erth      0%         N/A       67%         2
 Conjure Flame            Conj/Fire      0%         6-21      88%         3
 Ignite Poison            Fire/Tmut/Pois 0%         N/A       88%         3
 Inner Flame              Hex/Fire       0%         N/A       88%         3
 Swiftness                Air            0%         N/A       88%         3
 Flame Wave               Conj/Fire      0%         2d4       99%         4
 Sticky Flame             Conj/Fire      0%         2d3       99%         4


Dungeon Overview and Level Annotations

Branches:
Dungeon (7/15)
 Temple: D:4-7

Altars:
Dithmenos
Gozag
Makhleb
Qazlal
Xom
Yredelemnul

Shops:
D:2 *   D:3 *

Annotations:
D:2 1 runed translucent door, Crazy Yiuf
D:3 3 runed translucent doors, OhItsWolfy's ghost, amateur GrFi
D:7 Joseph


Innate Abilities, Weirdness & Mutations

You have a pair of horns on your head.
You reflexively headbutt those who attack you in melee.


Message History

You feel sick.
You feel sick.
You feel sick.
You are no longer poisoned.
HP restored.
Found 4 stones.
You see here a jackal corpse.
There is an escape hatch in the floor here.
A sourceless malevolence fills the Dungeon...
You fall into a shaft and drop 3 floors!
The shaft crumbles and collapses.
Found a ring mail.
Found a stone staircase leading down.
A white imp comes into view.
You shoot an arrow. The white imp shouts!
The arrow hits the white imp but does no damage.
You shoot an arrow. The arrow hits the white imp.
The white imp is moderately wounded.
You hear a shout!
Joseph, a Mercenary comes into view.
He is wielding a +0 quarterstaff.
You shoot an arrow.
The arrow hits the white imp but does no damage.
The white imp is moderately wounded.
The white imp gestures at you. The puff of frost hits you.
Joseph unwields a +0 quarterstaff.
Joseph wields a +0 sling.
Joseph shoots a sling bullet.
The sling bullet hits you!
Found 11 gold pieces.
You see here a +0 ring mail.
The white imp gestures at you. The puff of frost misses you.
Joseph shoots a sling bullet.
The sling bullet hits you!!
You see here 11 gold pieces.
The white imp gestures at you. The puff of frost hits you.
Joseph shoots a sling bullet.
The sling bullet hits you!
* * * LOW HITPOINT WARNING * * *
Joseph says, "You will never get the ORB, sorry."
Joseph shoots a sling bullet.
The sling bullet hits you!!
You die...

.## ..... .....#
......###
.......@##
.........#######
...............#
####
......#....####.#
......
...##.#...###
...... .. ##......#
###...... .
##..#.$####........
#.###.@#........#
#. #..........##


You could see Joseph.

Vanquished Creatures
  Sigmund (D:2)
  Pargi (D:3)
  A scorpion (D:4)
  Robin (D:2)
  2 adders
  4 worms
  2 dart slugs
  An orc (D:2)
  2 bats
  7 endoplasms
  2 giant cockroaches (D:2)
  13 goblins
  8 hobgoblins
  8 jackals
  A quokka (D:1)
  9 ball pythons
  A frilled lizard (D:3)
  4 kobolds
  7 rats
75 creatures vanquished.

Notes
Turn   | Place    | Note
-------+----------+-------------------------------------------
     0 | D:1      | safid the Minotaur Hunter began the quest for the Orb.
     0 | D:1      | Reached XP level 1. HP: 18/18 MP: 0/0
    68 | D:1      | Reached XP level 2. HP: 21/26 MP: 1/1
   755 | D:2      | Found Mafrih's Assorted Antiques.
   773 | D:2      | Reached skill level 5 in Ranged Weapons
   773 | D:2      | Reached XP level 3. HP: 12/31 MP: 2/2
  1358 | D:2      | Found a faded altar of an unknown god.
  1497 | D:2      | Noticed Sigmund
  1612 | D:3      | Reached XP level 4. HP: 13/40 MP: 3/3
  1910 | D:2      | Killed Sigmund
  1911 | D:2      | Reached skill level 5 in Fighting
  1911 | D:2      | Reached skill level 6 in Ranged Weapons
  1911 | D:2      | Reached XP level 5. HP: 13/48 MP: 4/4
  2186 | D:2      | Noticed Robin
  2205 | D:2      | Killed Robin
  2206 | D:2      | Reached XP level 6. HP: 42/56 MP: 5/5
  2324 | D:2      | Found a runed translucent door.
  2325 | D:2      | Noticed Crazy Yiuf
  2715 | D:3      | Found a runed translucent gate.
  2715 | D:3      | Found a runed translucent gate.
  2718 | D:3      | Found a runed translucent gate.
  2721 | D:3      | Noticed OhItsWolfy's ghost (amateur GrFi)
  2733 | D:3      | Found Gozag's Platinum Reserve.
  2762 | D:3      | Found an opulent altar of Gozag.
  2950 | D:3      | Found a burning altar of Makhleb.
  2958 | D:3      | Found a basalt altar of Yredelemnul.
  2961 | D:3      | Found a stormy altar of Qazlal.
  2961 | D:3      | Found a shadowy altar of Dithmenos.
  2973 | D:3      | Found a shimmering altar of Xom.
  3166 | D:3      | Noticed Pargi
  3192 | D:3      | Killed Pargi
  3510 | D:4      | Reached skill level 7 in Ranged Weapons
  3538 | D:4      | You fall into a shaft and drop 3 floors!
  3542 | D:7      | Noticed Joseph
  3558 | D:7      | Shot with a sling bullet by Joseph

Illustrated notes

Levels and vault maps discovered:
D:1:      lightli_arrival_boilingwater, layout_rooms
D:2:      layout_basic, hellmonk_ecumenical_altar_heavens_door, serial_shops,
          nicolae_shop_statue_plus, kennysheep_boxes, uniq_sigmund, uniq_robin,
          uniq_crazy_yiuf_cottage
D:3:      layout_loops_cross, nicolae_overflow_hallway_of_the_gods,
          nicolae_gozag_zags_fifth_avenue, gammafunk_ghost_necromancy,
          uniq_pargi
D:4:      layout_cave_pools, minmay_temple_entry_mist, grunt_ministairs_7
D:7:      kennysheep_spiral_hall, layout_cave_pools, serial_park_tiny_1,
          uniq_joseph

Skill      XL: |  1  2  3  4  5  6 |
---------------+-------------------+-----
Fighting       | 3 4 5 6 |  6.3
Ranged Weapons | 5 6 7 |  7.0
Dodging        | |  2.1
Stealth        | |  0.7

Action                   |  1- 3 |  4- 6 || total
-------------------------+-------+-------++-------
 Fire: Shortbow          |   127 |    99 ||   226
  Use: Potion            |       |     4 ||     4
Armor: Leather armour    |     2 |       ||     2
       Scale mail        |    33 |    52 ||    85
       Troll leather arm |       |     5 ||     5
Dodge: Dodged            |    36 |    51 ||    87
